MID
SOUTH BEND CUBS @ HARTFORD YARD GOATS
08/30/2048
 
TOP OF THE 1ST
South Bend Cubs batting - Pitching for Hartford Yard Goats : RHP Ryan Squire
Pitching: RHP Ryan Squire
Batting: RHB Andy Huntley 0-0: Ball
1-0: Ball
2-0: Ground out 6-3 (Groundball, 6, EV 81.2 MPH)
Batting: RHB Taylor Garofalo 0-0: Called Strike
0-1: Ball
1-1: Foul Ball, location: 2F
1-2: Foul Ball, location: 2F
1-2: Fly out, F7 (Flyball, 7D, EV 102.5 MPH)
Batting: LHB Kwang-chih Men 0-0: Fly out, F8 (Flyball, 89XD, EV 89.4 MPH)
Top of the 1st over - 0 runs, 0 hits, 0 errors, 0 left on base; South Bend 0 - Hartford 0
BOTTOM OF THE 1ST
Hartford Yard Goats batting - Pitching for South Bend Cubs : LHP Jerry Tyson
Pitching: LHP Jerry Tyson
Batting: RHB Matviy Oliynyk 0-0: Ball
1-0: Ground out 6-3 (Groundball, 6, EV 76.2 MPH)
Batting: RHB Zakhar Edelman 0-0: Ball
1-0: Swinging Strike
1-1: DOUBLE (Line Drive, 7LM, EV 103.8 MPH)
Batting: RHB Andy Rayer 0-0: SINGLE (Line Drive, 8LS, EV 107.5 MPH)
Zakhar Edelman to third
Runner from 3rd tries for Home, SAFE, throw by CF to home
Andy Rayer to second
Batting: SHB Ken Griffey IV 0-0: Ball
Wild Pitch!
Andy Rayer to third
1-0: Foul Ball, location: 2F
1-1: Ball
2-1: Called Strike
2-2: Strikes out swinging
Batting: RHB T.J. Williams 0-0: Called Strike
0-1: Called Strike
0-2: Strikes out looking
Bottom of the 1st over - 1 run, 2 hits, 0 errors, 1 left on base; South Bend 0 - Hartford 1
TOP OF THE 2ND
South Bend Cubs batting - Pitching for Hartford Yard Goats : RHP Ryan Squire
Batting: RHB Roy Battist 0-0: Called Strike
0-1: Foul Ball, location: 2F
0-2: Ball
1-2: Ball
2-2: Strikes out swinging
Batting: RHB Han-seung Hah 0-0: Called Strike
0-1: Ball
1-1: Foul Ball, location: 2F
1-2: Foul Ball, location: 2F
1-2: Foul Ball, location: 2F
1-2: Foul Ball, location: 2F
1-2: Ball
2-2: Strikes out swinging
Batting: RHB Juan Bonilla 0-0: Ball
1-0: SINGLE (Groundball, 34D, EV 104.4 MPH)
Batting: RHB Dylan Burke 0-0: Ball
1-0: Swinging Strike
1-1: Ball
2-1: 2-RUN HOME RUN (Flyball, 78XD, EV 96.2 MPH), Distance : 394 ft
Batting: RHB Ryan Bush 0-0: Called Strike
0-1: SINGLE (Flyball, 78S, EV 93.1 MPH)
Batting: RHB Hugo Torrez 0-0: Swinging Strike
0-1: Ball
1-1: Ball
2-1: Foul Ball, location: 2F
2-2: Ball
3-2: Foul Ball, location: 2F
3-2: Foul Ball, location: 2F
3-2: Base on Balls
Ryan Bush to second
Batting: RHB Andy Huntley 0-0: Ball
1-0: SINGLE (Groundball, 56, EV 101.9 MPH) (infield hit)
Ryan Bush to third
Hugo Torrez to second
Batting: RHB Taylor Garofalo 0-0: Ball
1-0: Ball
2-0: Foul Ball, location: 2F
2-1: Ball
3-1: Foul Ball, location: 2F
3-2: Base on Balls
Ryan Bush scores
Hugo Torrez to third
Andy Huntley to second
Pitching: RHP Gorgonio Sigua
Batting: LHB Kwang-chih Men 0-0: Ball
1-0: Foul Ball, location: 2F
1-1: DOUBLE (Groundball, 3L, EV 103.8 MPH)
Hugo Torrez scores
Andy Huntley scores
Taylor Garofalo to third
Batting: RHB Roy Battist 0-0: Called Strike
0-1: Foul Ball, location: 2F
0-2: Foul Ball, location: 2F
0-2: Ball
1-2: DOUBLE (Line Drive, 78D, EV 100.6 MPH)
Taylor Garofalo scores
Kwang-chih Men scores
Batting: RHB Han-seung Hah 0-0: Ball
1-0: Foul Ball, location: 2F
1-1: Called Strike
1-2: Foul Ball, location: 2F
1-2: SINGLE (Groundball, 4MD, EV 95.6 MPH)
Roy Battist to third
Runner from 3rd tries for Home, SAFE, throw by CF to home
Batting: RHB Juan Bonilla 0-0: Fly out, F3 (Line Drive, 3, EV 71.9 MPH)
Top of the 2nd over - 8 runs, 7 hits, 0 errors, 1 left on base; South Bend 8 - Hartford 1
BOTTOM OF THE 2ND
Hartford Yard Goats batting - Pitching for South Bend Cubs : LHP Jerry Tyson
Batting: LHB Paul McClintock 0-0: Fly out, F8 (Flyball, 8LM, EV 87.5 MPH)
Batting: LHB Nick Martin 0-0: Ball
1-0: Called Strike
1-1: Ball
2-1: Called Strike
2-2: Ball
3-2: SINGLE (Groundball, 6MD, EV 96.2 MPH)
Batting: RHB Kevin McKasson 0-0: Ball
Nick Martin steals 2nd base
1-0: Reached via error on a dropped throw from 1B, E1 (Groundball, 34S, EV 90.0 MPH)
Nick Martin to third
Batting: LHB Harry Folsom 0-0: Ball
1-0: Foul Ball, location: 2F
1-1: Fielders Choice at 2nd, 6-4 (Groundball, 6, EV 85.6 MPH)
Nick Martin scores
Batting: RHB Matviy Oliynyk 0-0: DOUBLE (Groundball, 5L, EV 105.0 MPH)
Harry Folsom to third
Batting: RHB Zakhar Edelman 0-0: Called Strike
0-1: Swinging Strike
0-2: Strikes out swinging
Bottom of the 2nd over - 1 run, 2 hits, 1 error, 2 left on base; South Bend 8 - Hartford 2
TOP OF THE 3RD
South Bend Cubs batting - Pitching for Hartford Yard Goats : RHP Gorgonio Sigua
Batting: RHB Dylan Burke 0-0: Ground out 3-1 (Groundball, 34, EV 96.9 MPH)
Batting: RHB Ryan Bush 0-0: Ball
1-0: Ball
2-0: Ball
3-0: Base on Balls
Batting: RHB Hugo Torrez 0-0: Ball
1-0: Fly out, F8 (Flyball, 8RS, EV 95.6 MPH)
Batting: RHB Andy Huntley 0-0: Swinging Strike
0-1: Ball
1-1: Swinging Strike
1-2: Strikes out swinging
Top of the 3rd over - 0 runs, 0 hits, 0 errors, 1 left on base; South Bend 8 - Hartford 2
BOTTOM OF THE 3RD
Hartford Yard Goats batting - Pitching for South Bend Cubs : LHP Jerry Tyson
Batting: RHB Andy Rayer 0-0: Ball
1-0: Ball
2-0: Ground out 1-3 (Groundball, 15S, EV 75.0 MPH)
Batting: SHB Ken Griffey IV 0-0: Called Strike
0-1: SINGLE (Line Drive, 4MD, EV 98.1 MPH)
Batting: RHB T.J. Williams 0-0: Ground out 6-3 (Groundball, 56, EV 80.0 MPH)
Ken Griffey IV to second
Batting: LHB Paul McClintock 0-0: Ball
1-0: Ball
2-0: Ball
3-0: Base on Balls
Batting: LHB Nick Martin 0-0: Ball
1-0: Swinging Strike
1-1: Ball
2-1: Ground out 4-3 (Groundball, 4S, EV 69.4 MPH)
Bottom of the 3rd over - 0 runs, 1 hit, 0 errors, 2 left on base; South Bend 8 - Hartford 2
TOP OF THE 4TH
South Bend Cubs batting - Pitching for Hartford Yard Goats : RHP Gorgonio Sigua
Batting: RHB Taylor Garofalo 0-0: Ball
1-0: Ball
2-0: Called Strike
2-1: Fly out, F9 (Flyball, 9LM, EV 79.4 MPH)
Pitching: RHP Alex McKinstry
Batting: LHB Kwang-chih Men 0-0: Swinging Strike
0-1: Ball
1-1: Foul Ball, location: 2F
1-2: SINGLE (Groundball, 34D, EV 85.0 MPH) (infield hit)
Batting: RHB Roy Battist 0-0: Called Strike
0-1: Ball
1-1: Ball
2-1: Foul Ball, location: 2F
2-2: Strikes out swinging
Batting: RHB Han-seung Hah 0-0: Ball
1-0: Ball
2-0: Ball
3-0: Base on Balls
Kwang-chih Men to second
Batting: RHB Juan Bonilla 0-0: Called Strike
0-1: Called Strike
0-2: Ball
1-2: Fly out, F7 (Line Drive, 7S, EV 90.6 MPH)
Top of the 4th over - 0 runs, 1 hit, 0 errors, 2 left on base; South Bend 8 - Hartford 2
BOTTOM OF THE 4TH
Hartford Yard Goats batting - Pitching for South Bend Cubs : LHP Jerry Tyson
Batting: RHB Kevin McKasson 0-0: Ball
1-0: Ball
2-0: Ball
3-0: Base on Balls
Batting: LHB Harry Folsom 0-0: Ball
1-0: Foul Ball, location: 2F
1-1: Ball
2-1: Ball
3-1: Fielders Choice at 2nd, 6-4 (Groundball, 6S, EV 80.0 MPH)
Batting: RHB Matviy Oliynyk 0-0: Ball
1-0: Called Strike
1-1: Foul Ball, location: 2F
1-2: Ball
2-2: Ball
3-2: Fly out, F4 (Popup, 34, EV 57.5 MPH)
Batting: RHB Zakhar Edelman 0-0: Called Strike
0-1: Ball
1-1: Called Strike
Harry Folsom steals 2nd base
1-2: Ball
2-2: Ball
3-2: Ground out 5-3 (Groundball, 56S, EV 80.6 MPH)
Bottom of the 4th over - 0 runs, 0 hits, 0 errors, 1 left on base; South Bend 8 - Hartford 2
TOP OF THE 5TH
South Bend Cubs batting - Pitching for Hartford Yard Goats : RHP Alex McKinstry
Batting: RHB Dylan Burke 0-0: Ball
1-0: Foul Ball, location: 2F
1-1: Foul Ball, location: 2F
1-2: Strikes out swinging
Batting: RHB Ryan Bush 0-0: Ball
1-0: Called Strike
1-1: Called Strike
1-2: Ball
2-2: Ball
3-2: Fly out, F9 (Flyball, 9LM, EV 105.0 MPH)
Batting: RHB Hugo Torrez 0-0: Foul Ball, location: 2F
0-1: Swinging Strike
0-2: Ball
1-2: Ball
2-2: Strikes out swinging
Top of the 5th over - 0 runs, 0 hits, 0 errors, 0 left on base; South Bend 8 - Hartford 2
BOTTOM OF THE 5TH
Hartford Yard Goats batting - Pitching for South Bend Cubs : LHP Jerry Tyson
Batting: RHB Andy Rayer 0-0: Called Strike
0-1: Ball
1-1: Fly out, F9 (Flyball, 89M, EV 90.6 MPH)
Batting: SHB Ken Griffey IV 0-0: Swinging Strike
0-1: Ball
1-1: Foul Ball, location: 2F
1-2: Ball
2-2: Foul Ball, location: 2F
2-2: Foul Ball, location: 2F
2-2: Ball
3-2: Strikes out looking
Pitching: RHP Velimir Sljivancanin
Batting: RHB T.J. Williams 0-0: Foul Ball, location: 2F
0-1: Called Strike
0-2: Strikes out swinging
Bottom of the 5th over - 0 runs, 0 hits, 0 errors, 0 left on base; South Bend 8 - Hartford 2
TOP OF THE 6TH
South Bend Cubs batting - Pitching for Hartford Yard Goats : RHP Alex McKinstry
Batting: RHB Andy Huntley 0-0: Ball
1-0: Ball
2-0: Ball
3-0: Base on Balls
Pitching: RHP Curt De Kock
Batting: RHB Taylor Garofalo 0-0: Ground out 6-3 (Groundball, 6, EV 85.6 MPH)
Andy Huntley to second
Batting: LHB Kwang-chih Men 0-0: Ball
1-0: Called Strike
1-1: Called Strike
1-2: Ball
2-2: Strikes out swinging
Batting: RHB Roy Battist 0-0: Ball
Wild Pitch!
Andy Huntley to third
1-0: Ball
2-0: Called Strike
2-1: SINGLE (Groundball, 3D, EV 95.0 MPH)
Andy Huntley scores
Batting: RHB Han-seung Hah 0-0: Foul Ball, location: 2F
0-1: Called Strike
0-2: Ball
Wild Pitch!
Roy Battist to second
1-2: Ball
2-2: Ball
3-2: SINGLE (Line Drive, 78M, EV 105.0 MPH)
Roy Battist to third
Runner from 3rd tries for Home, SAFE, throw by CF to home
Batting: RHB Juan Bonilla 0-0: Called Strike
0-1: Called Strike
0-2: Ball
1-2: Fly out, F4 (Popup, 4M, EV 56.9 MPH)
Top of the 6th over - 2 runs, 2 hits, 0 errors, 1 left on base; South Bend 10 - Hartford 2
BOTTOM OF THE 6TH
Hartford Yard Goats batting - Pitching for South Bend Cubs : RHP Velimir Sljivancanin
Batting: LHB Paul McClintock 0-0: Called Strike
0-1: Ball
1-1: Ball
2-1: Swinging Strike
2-2: Strikes out swinging
Batting: LHB Nick Martin 0-0: Ball
1-0: Ball
2-0: Ball
3-0: Base on Balls
Batting: RHB Kevin McKasson 0-0: Foul Ball, location: 2F
0-1: Swinging Strike
0-2: Strikes out swinging
Batting: LHB Harry Folsom 0-0: Called Strike
Nick Martin steals 2nd base (no throw)
0-1: Fly out, F9 (Flyball, 9, EV 86.2 MPH)
Bottom of the 6th over - 0 runs, 0 hits, 0 errors, 1 left on base; South Bend 10 - Hartford 2
TOP OF THE 7TH
South Bend Cubs batting - Pitching for Hartford Yard Goats : RHP Curt De Kock
Pitching: RHP Lorenzo Pacheco
Batting: RHB Dylan Burke 0-0: Swinging Strike
0-1: Foul Ball, location: 2F
0-2: Ball
1-2: Fly out, F4 (Line Drive, 4M, EV 69.4 MPH)
Batting: RHB Ryan Bush 0-0: Ball
1-0: Ball
2-0: Ball
3-0: Foul Ball, location: 2F
3-1: Called Strike
3-2: SINGLE (Groundball, 25, EV 71.2 MPH) (infield hit)
Batting: RHB Hugo Torrez 0-0: Foul Ball, location: 2F
0-1: Foul Ball, location: 2F
0-2: Ball
1-2: Ball
2-2: Strikes out swinging
Batting: RHB Andy Huntley 0-0: Ball
1-0: Foul Ball, location: 2F
1-1: Foul Ball, location: 2F
1-2: Ball
2-2: Foul Ball, location: 2F
2-2: Foul Ball, location: 2F
2-2: SINGLE (Groundball, 25, EV 63.1 MPH) (infield hit)
Ryan Bush to second
Batting: RHB Taylor Garofalo 0-0: Called Strike
0-1: Ball
1-1: Ball
2-1: Ball
3-1: Called Strike
3-2: Base on Balls
Ryan Bush to third
Andy Huntley to second
Batting: LHB Kwang-chih Men 0-0: SINGLE (Groundball, 34S, EV 75.0 MPH) (infield hit)
Ryan Bush scores
Andy Huntley to third
Taylor Garofalo to second
Batting: RHB Roy Battist 0-0: Ball
1-0: Foul Ball, location: 2F
1-1: Foul Ball, location: 2F
1-2: Ground out 3-1 (Groundball, 34, EV 77.5 MPH)
Top of the 7th over - 1 run, 3 hits, 0 errors, 3 left on base; South Bend 11 - Hartford 2
BOTTOM OF THE 7TH
Hartford Yard Goats batting - Pitching for South Bend Cubs : RHP Velimir Sljivancanin
Batting: RHB Matviy Oliynyk 0-0: Ball
1-0: Foul Ball, location: 2F
1-1: Swinging Strike
1-2: DOUBLE (Flyball, 89D, EV 90.6 MPH)
Pitching: RHP Angel Pesina
Batting: RHB Zakhar Edelman 0-0: Called Strike
0-1: Called Strike
0-2: Ball
1-2: Fly out, F7 (Flyball, 7LM, EV 95.6 MPH)
Batting: RHB Andy Rayer 0-0: Called Strike
0-1: SINGLE (Line Drive, 78M, EV 103.1 MPH)
Matviy Oliynyk to third
Runner from 3rd tries for Home, throw by LF and OUT! 7-2
Batting: SHB Ken Griffey IV 0-0: Ball
Andy Rayer steals 2nd base (no throw)
1-0: Fly out, F8 (Flyball, 8LD, EV 96.2 MPH)
Bottom of the 7th over - 0 runs, 2 hits, 0 errors, 1 left on base; South Bend 11 - Hartford 2
TOP OF THE 8TH
South Bend Cubs batting - Pitching for Hartford Yard Goats : RHP Lorenzo Pacheco
Batting: RHB Han-seung Hah 0-0: Ground out 5-3 (Groundball, 56, EV 84.4 MPH)
Batting: RHB Juan Bonilla 0-0: Called Strike
0-1: Ball
1-1: DOUBLE (Flyball, 78XD, EV 115.6 MPH)
Batting: RHB Dylan Burke 0-0: Ball
1-0: Ball
2-0: Ball
3-0: Base on Balls
Batting: RHB Ryan Bush 0-0: Ball
1-0: SINGLE (Groundball, 6S, EV 65.0 MPH) (infield hit)
Juan Bonilla to third
Dylan Burke to second
Batting: RHB Hugo Torrez 0-0: Ball
1-0: Swinging Strike
1-1: Foul Ball, location: 2F
1-2: Ball
2-2: Ball
3-2: Strikes out swinging
Batting: RHB Andy Huntley 0-0: Swinging Strike
0-1: Ball
1-1: Ball
2-1: Called Strike
2-2: Fly out, F8 (Line Drive, 89M, EV 108.8 MPH)
Top of the 8th over - 0 runs, 2 hits, 0 errors, 3 left on base; South Bend 11 - Hartford 2
BOTTOM OF THE 8TH
Hartford Yard Goats batting - Pitching for South Bend Cubs : RHP Angel Pesina
Batting: RHB T.J. Williams 0-0: Ground out 6-3 (Groundball, 4MS, EV 84.4 MPH)
Batting: LHB Paul McClintock 0-0: Ball
1-0: Called Strike
1-1: Swinging Strike
1-2: Strikes out swinging
Batting: LHB Nick Martin 0-0: Called Strike
0-1: Foul Ball, location: 2F
0-2: Foul Ball, location: 2F
0-2: Strikes out looking
Bottom of the 8th over - 0 runs, 0 hits, 0 errors, 0 left on base; South Bend 11 - Hartford 2
TOP OF THE 9TH
South Bend Cubs batting - Pitching for Hartford Yard Goats : RHP Lorenzo Pacheco
Pitching: RHP Befikadu Mthuthuzeli
Batting: RHB Taylor Garofalo 0-0: Swinging Strike
0-1: Foul Ball, location: 2F
0-2: Ball
1-2: Strikes out swinging
Batting: LHB Kwang-chih Men 0-0: Fly out, F7 (Flyball, 7LS, EV 99.4 MPH)
Batting: RHB Roy Battist 0-0: Ball
1-0: Ball
2-0: Foul Ball, location: 2F
2-1: DOUBLE (Line Drive, 7LM, EV 99.4 MPH)
Batting: RHB Han-seung Hah 0-0: Called Strike
0-1: Ground out U3 (Groundball, 3D, EV 106.2 MPH)
Top of the 9th over - 0 runs, 1 hit, 0 errors, 1 left on base; South Bend 11 - Hartford 2
BOTTOM OF THE 9TH
Hartford Yard Goats batting - Pitching for South Bend Cubs : RHP Angel Pesina
Pitching: LHP Tom Mooney
Batting: RHB Kevin McKasson 0-0: Ball
1-0: Foul Ball, location: 2F
1-1: Called Strike
1-2: Ball
2-2: Strikes out swinging
Batting: LHB Harry Folsom 0-0: Ball
1-0: Ball
2-0: Foul Ball, location: 2F
2-1: Ball
3-1: DOUBLE (Flyball, 8LXD, EV 89.4 MPH)
Batting: RHB Matviy Oliynyk 0-0: SINGLE (Line Drive, 89S, EV 103.1 MPH)
Harry Folsom to third
Batting: RHB Zakhar Edelman 0-0: Ball
1-0: Fly out, F8 (Flyball, 78M, EV 87.5 MPH)
Batting: RHB Andy Rayer 0-0: Ball
1-0: Foul Ball, location: 2F
1-1: Ball
2-1: Ground out 5-3 (Groundball, 5D, EV 105.0 MPH)
Bottom of the 9th over - 0 runs, 2 hits, 0 errors, 2 left on base; South Bend 11 - Hartford 2
Tuesday, March 28th , 2023 - OOTP Baseball 23.10 Build 110